 Dungeon Crawl Stone Soup version 0.21-a0-509-gecc5317402 (webtiles) character file.

23634 GordonOverkill the Cleaver (level 12, -8/94 HPs)
             Began as a Mummy Artificer on Nov 30, 2017.
             Was an Initiate of Gozag.
             Mangled by an orc knight
             ... wielding a +2 long sword of distortion
              (19 damage)
             ... on level 1 of the Orcish Mines.
             The game lasted 00:48:03 (21993 turns).

GordonOverkill the Cleaver (Mummy Artificer)       Turns: 21993, Time: 00:48:04

Health: -8/94      AC: 22    Str: 17 (21) XL:     12   Next: 73%
Magic:  15/15      EV:  7    Int:  8 (10) God:    Gozag
Gold:   681        SH:  0    Dex: 11 (12) Spells: 10/11 levels left

rFire    + . .     SeeInvis .   z - +3 hand axe (elec)
rCold    + + .     Gourm    .   (no shield)
rNeg     + + +     Faith    .   y - +2 plate armour {rF+}
rPois    ∞         Spirit   .   q - +2 helmet
rElec    .         Reflect  .   (no cloak)
rCorr    +         Harm     .   h - +1 pair of gloves
MR       +....                  r - +2 pair of boots
Stlth    ..........             (no amulet)
HPRegen  0.25/turn              w - ring of resist corrosion
MPRegen  0.14/turn              e - ring of Democracy {Wiz rF+ rC+}

@: confused, gold aura
A: no food or potions, fire vulnerability, cold resistance 1, negative energy
resistance 3, torment resistance, unbreathing
a: Potion Petition, Call Merchant, Bribe Branch, Renounce Religion


You were on level 1 of the Orcish Mines.
You worshipped Gozag.
Gozag was pleased with you.
You were not hungry.

You visited 3 branches of the dungeon, and saw 14 of its levels.
You visited the Abyss 1 time.
You also visited: Ossuary.

You collected 3342 gold pieces.
You spent 1073 gold pieces at shops.
You paid 1588 gold pieces to Gozag.

Inventory:

Hand Weapons
 a - a +1 long sword of flaming
 m - a +2 antimagic war axe
 x - a +2 broad axe
 z - a +3 hand axe of electrocution (weapon)
Missiles
 p - 3 throwing nets (quivered)
Armour
 h - a +1 pair of gloves (worn)
 q - a +2 helmet (worn)
 r - a +2 pair of boots (worn)
 y - a +2 plate armour of fire resistance (worn)
Jewellery
 e - the ring of Democracy (right hand) {Wiz rF+ rC+}
   (You bought it in a shop on level 9 of the Dungeon)

   [ring of wizardry]

   It improves your spell success rate.
   It protects you from fire.
   It protects you from cold.
 l - an uncursed ring of protection from cold
 w - a ring of resist corrosion (left hand)
Wands
 b - a wand of paralysis (4)
 g - a wand of digging (42)
 k - a wand of iceblast (14)
 u - a wand of polymorph (24)
Scrolls
 c - a scroll of enchant armour
 d - a scroll of magic mapping
 f - a scroll of teleportation
 i - 3 scrolls of remove curse
 j - 2 scrolls of identify
 n - 3 scrolls of amnesia
 s - a scroll of immolation
 t - a scroll of fear


   Skills:
 + Level 8.7 Fighting
   Level 0.7 Short Blades
 - Level 14.0 Axes
 - Level 5.0 Armour
 - Level 5.0 Dodging
 - Level 0.7 Stealth
 - Level 5.0 Evocations


You had 10 spell levels left.
You knew the following spells:

 Your Spells              Type           Power        Failure   Level  Hunger
a - Apportation           Tloc           #.....       99%         1    N/A

Dungeon Overview and Level Annotations

Branches:
Dungeon (12/15)            Temple (1/1) D:4            Lair (0/6) D:10
    Orc (1/2) D:12

Altars:
Ashenzari
Cheibriados
Dithmenos
Elyvilon
Fedhas
Gozag
Hepliaklqana
Kikubaaqudgha
Makhleb
Nemelex Xobeh
Okawaru
Qazlal
Ru
Sif Muna
Trog
Uskayaw
Vehumet
Wu Jian
Xom
Yredelemnul
Zin
The Shining One
Beogh

Shops:
D:5 !   D:7 %[?=}   D:9 *   D:12 *   Orc:1 :


Innate Abilities, Weirdness & Mutations

You do not eat or drink.
Your flesh is vulnerable to fire.
You are immune to poison.
Your flesh is cold resistant. (rC+)
You are immune to negative energy. (rN+++)
You are immune to unholy pain and torment.
You can survive without breathing.


Message History

The orc knight roars a battlecry!
You bump into the rock wall.
The orc knight hits you but does no damage.
You feel strangely unstable.
You hit the orc knight but do no damage.
You hit the orc knight.
The orc knight is lightly wounded.
The orc knight hits you with a long sword of distortion!
* * * LOW HITPOINT WARNING * * *
Space bends around you.
* * * LOW HITPOINT WARNING * * *
You bump into the rock wall.
The orc knight hits you but does no damage.
You feel strangely stable.
You bump into the rock wall.
The orc knight hits you with a long sword of distortion!
* * * LOW HITPOINT WARNING * * *
Space warps horribly around you!
You die...
Your body crumbles into a pile of gold.

#.....# ##.....
#...... ##⌠.⌠..
#.∩... ###
####⌠.⌠.. #.##
##.##..... ##o##
#...##....
#@#)#####...####.#
####.#.#...## ###
#......o..## #.
#...{o.....#####
##....o...#.#...
#.....).........
#...............
#...............
#...............


You could see an orc knight.

Vanquished Creatures
  A lich (Abyss:2)
  Fannar (D:11)
  3 two-headed ogres
  Nergalle (Orc:1)
  7 orc knights (Orc:1)
  Pikel (D:7)
  2 orc sorcerers (Orc:1)
  An orange demon (Abyss:2)
  A gargoyle (D:10)
  An ancient zyme (Abyss:2)
  7 trolls
  Prince Ribbit (D:7)
  A hornet (D:10)
  4 hippogriffs
  5 yaks (D:12)
  4 large abominations (Abyss:2)
  A spriggan (D:11)
  A golden eye (Abyss:2)
  A wyvern (D:10)
  A hungry ghost (Abyss:2)
  A neqoxec (Abyss:2)
  2 wargs
  An acid dragon (D:10)
  A water moccasin (D:10)
  2 hell hounds (D:10)
  13 orc warriors
  A slave (D:7)
  5 sky beasts
  2 phantoms (D:6)
  A black bear (D:9)
  An ice beast (D:9)
  A necrophage (D:10)
  7 ogres
  5 centaurs
  A crocodile (D:12)
  A big kobold (D:11)
  9 bullfrogs
  3 water moccasin zombies (Ossuary)
  A small abomination (Abyss:2)
  3 scorpions
  14 killer bees
  6 electric eels (D:5)
  2 wights (D:6)
  A howler monkey (D:5)
  4 crimson imps
  5 bullfrog zombies
  A quasit (D:5)
  3 jellies
  7 orc priests
  7 hounds
  2 bullfrog skeletons
  4 iguanas
  12 orc wizards
  Jessica (D:3)
  9 worker ants
  A big kobold zombie (Ossuary)
  A killer bee zombie (D:9)
  2 mummies (Ossuary)
  3 hound skeletons
  3 worker ant zombies
  13 gnolls
  15 adders
  A howler monkey skeleton (D:11)
  A shadow imp (D:5)
  2 oozes
  2 adder skeletons
  An adder zombie (D:5)
  6 dart slugs
  4 leopard geckos
  39 orcs
  6 giant cockroaches
  3 gnoll zombies (Ossuary)
  7 goblins
  10 hobgoblins
  12 jackals
  6 quokkas
  4 ball pythons
  A bat (D:2)
  9 frilled lizards
  A giant cockroach zombie (D:5)
  7 hobgoblin zombies (Ossuary)
  A jackal skeleton (D:5)
  14 kobolds
  3 kobold zombies (Ossuary)
  3 orc zombies (Ossuary)
  A quokka skeleton (D:10)
  7 rats
  A plant (D:5)
374 creatures vanquished.

Vanquished Creatures (collateral kills)
  2 orc priests (D:4)
  A rat (D:1)
3 creatures vanquished.

Vanquished Creatures (others)
  2 slaves (D:7)
  A human (D:7)
  2 orc priests
  5 orcs
  A hobgoblin (D:1)
  2 jackals (D:1)
  A plant (D:5)
14 creatures vanquished.

Grand Total: 391 creatures vanquished

Notes
Turn   | Place    | Note
-------+----------+-------------------------------------------
     0 | D:1      | GordonOverkill the Mummy Artificer began the quest for the Orb.
     0 | D:1      | Reached XP level 1. HP: 15/15 MP: 2/2
   125 | D:1      | Reached XP level 2. HP: 12/21 MP: 3/3
  1059 | D:1      | Reached XP level 3. HP: 27/27 MP: 5/5
  2307 | D:2      | Reached XP level 4. HP: 33/33 MP: 6/6
  3245 | D:3      | Reached XP level 5. HP: 36/39 MP: 7/7
  3367 | D:3      | Noticed Jessica
  3373 | D:3      | Killed Jessica
  3590 | D:3      | Reached skill level 1 in Axes
  3982 | D:3      | Reached XP level 6. HP: 44/47 MP: 8/8
  4702 | D:4      | Found a staircase to the Ecumenical Temple.
  4736 | Temple   | Entered the Ecumenical Temple
  4779 | Temple   | Became a worshipper of Gozag Ym Sagoz the Greedy
  5024 | D:4      | Reached skill level 1 in Armour
  5356 | D:4      | Reached skill level 2 in Axes
  5886 | D:5      | Entered Level 5 of the Dungeon
  5972 | D:5      | Reached XP level 7. HP: 38/52 MP: 10/10
  6209 | D:5      | Found Plog's Distillery.
  6585 | D:5      | Found a shimmering altar of Xom.
  6793 | D:5      | Reached skill level 3 in Axes
  6910 | D:5      | Reached skill level 5 in Evocations
  7088 | D:5      | HP: 2/52 [electric eel/bolt of electricity (7)]
  7523 | D:5      | Reached XP level 8. HP: 40/58 MP: 11/11
  8083 | D:6      | Reached skill level 4 in Axes
  8325 | D:6      | Found a deep blue altar of Sif Muna.
  8337 | D:6      | Found a snail-covered altar of Cheibriados.
  9267 | D:6      | Reached skill level 5 in Axes
  9529 | D:6      | Reached skill level 5 in Armour
  9831 | D:6      | Found a shadowy altar of Dithmenos.
 10294 | D:7      | Reached XP level 9. HP: 57/63 MP: 12/12
 10337 | D:7      | Noticed Prince Ribbit
 10359 | D:6      | Reached skill level 6 in Axes
 10498 | D:7      | Killed Prince Ribbit
 10643 | D:7      | Found Vestrag's Armour Shop.
 10658 | D:7      | Noticed Pikel
 10664 | D:7      | Killed Pikel
 10664 | D:7      | Reached skill level 7 in Axes
 10670 | D:7      | Bought a +2 pair of boots for 231 gold pieces
 10699 | D:7      | Found Itour Ziucs's Gadget Emporium.
 10708 | D:7      | Bought a wand of disintegration (18) for 330 gold pieces
 10717 | D:7      | Found a hazy altar of Hepliaklqana.
 10718 | D:7      | Found a shimmering altar of Xom.
 10719 | D:7      | Noticed a spectral ugly thing
 10726 | D:7      | Found an ancient bone altar of Kikubaaqudgha.
 10727 | D:7      | Found Zoplav's Jewellery Shoppe.
 10966 | D:7      | Reached skill level 8 in Axes
 11161 | D:7      | Found Halidifi's Food Emporium.
 11264 | D:7      | Found Vietoij's Magic Scroll Shoppe.
 11494 | D:8      | Found a blossoming altar of Fedhas.
 11638 | D:8      | Found a sand-covered staircase.
 11648 | Ossuary  | Entered an ossuary
 11762 | Ossuary  | Reached skill level 5 in Fighting
 11964 | D:8      | Found a burning altar of Makhleb.
 11991 | D:8      | Noticed a two-headed ogre
 11996 | D:8      | Killed a two-headed ogre
 11996 | D:8      | Reached XP level 10. HP: 74/74 MP: 13/13
 12147 | D:8      | Identified a scroll of acquirement
 12254 | D:8      | Found a glowing silver altar of Zin.
 12660 | D:8      | Reached skill level 9 in Axes
 12947 | D:9      | Found Umicvi's Assorted Antiques.
 12964 | D:9      | Bought a wand of disintegration (6) for 112 gold pieces
 12964 | D:9      | Bought a fine jade ring for 140 gold pieces
 12964 | D:9      | Bought a scroll of teleportation for 84 gold pieces
 12964 | D:9      | Bought a knobbly jade ring for 140 gold pieces
 12964 | D:9      | Identified the ring of Democracy {Wiz rF+ rC+} (You bought it in a shop on level 9 of the Dungeon)
 12983 | D:9      | Noticed a two-headed ogre
 12989 | D:9      | Killed a two-headed ogre
 13006 | D:9      | Reached skill level 5 in Dodging
 13377 | D:9      | Found a radiant altar of Vehumet.
 13378 | D:9      | Found a sacrificial altar of Ru.
 13444 | D:9      | Reached skill level 10 in Axes
 13711 | D:10     | Entered Level 10 of the Dungeon
 13711 | D:10     | Found a staircase to the Lair.
 14087 | D:9      | Found Umicvi's Assorted Antiques.
 14207 | D:9      | Found a radiant altar of Vehumet.
 14208 | D:9      | Found a sacrificial altar of Ru.
 14684 | D:10     | Noticed a gargoyle
 14687 | D:10     | Killed a gargoyle
 14851 | D:10     | Reached XP level 11. HP: 73/79 MP: 14/14
 15400 | D:10     | Reached skill level 11 in Axes
 15561 | D:10     | Learned a level 1 spell: Apportation
 16262 | D:11     | Noticed Fannar
 16288 | D:11     | Killed Fannar
 17099 | D:12     | Found Qaf Bei's General Store.
 17118 | D:12     | Bought a throwing net for 36 gold pieces
 17171 | D:12     | Noticed a two-headed ogre
 17180 | D:12     | Killed a two-headed ogre
 17180 | D:12     | Reached skill level 12 in Axes
 17467 | D:12     | Found a staircase to the Orcish Mines.
 17520 | D:12     | Found a roughly hewn altar of Beogh.
 18101 | D:12     | Found a deep blue altar of Sif Muna.
 18261 | Orc:1    | Entered Level 1 of the Orcish Mines
 18261 | Orc:1    | Noticed an orc knight
 18264 | Orc:1    | Noticed an orc sorcerer
 18265 | Orc:1    | Noticed an orc knight
 18265 | Orc:1    | Noticed an orc knight
 18265 | Orc:1    | Noticed an orc sorcerer
 18353 | Orc:1    | Noticed an orc knight
 18354 | Orc:1    | Killed an orc sorcerer
 18359 | Orc:1    | Noticed a sixfirhy
 18607 | Orc:1    | Noticed Nergalle
 18659 | Orc:1    | Killed Nergalle
 18686 | Orc:1    | Noticed an orc knight
 18709 | Orc:1    | Reached skill level 13 in Axes
 18741 | Orc:1    | Killed an orc knight
 19188 | Orc:1    | Noticed an orc knight
 19198 | Orc:1    | Reached XP level 12. HP: 65/86 MP: 15/15
 19470 | Orc:1    | Found Xaz Avaff's Book Shop.
 20024 | Orc:1    | Reached skill level 14 in Axes
 20031 | Orc:1    | Cast into level 2 of the Abyss (orc knight)
 20157 | Abyss:2  | Noticed a jiangshi
 20159 | Abyss:2  | Noticed a jiangshi
 20160 | Abyss:2  | Noticed a vampire mage
 20162 | Abyss:2  | Noticed a jiangshi
 20165 | Abyss:2  | Noticed a jiangshi
 20167 | Abyss:2  | Noticed a balrug
 20172 | Abyss:2  | Noticed a hell hog
 20185 | Abyss:2  | Noticed a bone dragon
 20360 | Abyss:2  | Noticed a rakshasa
 20560 | Abyss:2  | Noticed a great orb of eyes
 20587 | Abyss:2  | Noticed a green very ugly thing
 20588 | Abyss:2  | Noticed a green very ugly thing
 20589 | Abyss:2  | Noticed a green very ugly thing
 20592 | Abyss:2  | Noticed a starcursed mass
 20702 | Abyss:2  | Noticed a starcursed mass
 21127 | Abyss:2  | Noticed a blizzard demon
 21328 | Abyss:2  | Noticed a starcursed mass
 21356 | Abyss:2  | Noticed a tentacled monstrosity
 21358 | Abyss:2  | Noticed a cacodemon
 21410 | Abyss:2  | Found a corrupted altar of Lugonu.
 21465 | Abyss:2  | Noticed a lich
 21477 | Abyss:2  | Killed a lich
 21508 | Abyss:2  | HP: 1/92 [large abomination (4)]
 21576 | Abyss:2  | Noticed an eidolon
 21987 | Orc:1    | Escaped the Abyss
 21993 | Orc:1    | Mangled by an orc knight

Vault maps used:
D:1:      kennysheep_arrival_seaside
D:2:      nicolae_underground_beach
D:3:      uniq_jessica
D:4:      temple_fountains, first_bread
D:5:      cheibrodos_two_vegetables, serial_shops, shop, lemuel_tele_altar
D:6:      grunt_dithmenos_shadows, nicolae_overflow_crystal_walls, basic_altar
D:7:      regret_index_temple_of_mockery, serial_shops, shop_statue,
          nicolae_shop_waterfront, kennysheep_mini, nicolae_shop_stone,
          nicolae_shop_behind_doors, tgw_kikubaaqudgha, uniq_prince_ribbit1,
          uniq_pikel
D:8:      lemuel_round_altar, fedhas_altar_1, lemuel_doored_altar,
          lightli_ossuary_entry_decrepit_ruins
D:9:      gammafunk_temple_overflow_pools, serial_shops, shop
D:10:     minmay_lair_entry_lava
D:11:     the_bakery, uniq_fannar
D:12:     minmay_orc_entry_temple_small, serial_shops, shop_coins,
          lemuel_blue_sif_altar
Temple:   nicolae_temple_figure_eight
Orc:1:    special_room, serial_shops, shop_fountains, mines1_david,
          uniq_nergalle
Ossuary:  ossuary_tomb_2

Skill      XL: |  1  2  3  4  5  6  7  8  9 10 11 12 |
---------------+-------------------------------------+-----
Dodging        | 2 3 5 |  5.0
Fighting       | 2 3 5 8 |  8.7
Evocations     | 3 4 5 |  5.0
Axes           | 1 2 3 5 8 10 13 14 | 14.0
Armour         | 1 3 5 |  5.0
Short Blades   | |  0.7
Stealth        | |  0.7

Action                   |  1- 3 |  4- 6 |  7- 9 | 10-12 || total
-------------------------+-------+-------+-------+-------++-------
Melee: Short sword       |   178 |    81 |       |       ||   259
       Hand axe          |       |   293 |   768 |   442 ||  1503
       Battleaxe         |       |       |       |   382 ||   382
Throw: Throwing net      |       |       |       |     2 ||     2
Invok: Potion Petition   |       |       |       |     5 ||     5
Evoke: Wand              |    11 |    28 |    66 |    39 ||   144
  Use: Scroll            |       |     6 |     6 |    23 ||    35
 Stab: Sleeping          |     2 |       |       |       ||     2
       Distracted        |       |       |     1 |     5 ||     6
       Paralysed         |       |       |       |    71 ||    71
       Held in net/web   |       |       |       |     3 ||     3
Armor: Leather armour    |    31 |       |       |       ||    31
       Scale mail        |    22 |    61 |       |       ||    83
       Plate armour      |       |   212 |   533 |   530 ||  1275
Dodge: Dodged            |   106 |   185 |   223 |   332 ||   846

Table legend:
 A = Spawn XP
 B = Non-spawn XP
 C = Spawn XP percentage of total XP
 D = Spawn monster count
 E = Non-spawn monster count
 F = Spawn count percentage of total count
 G = Total turns spent on level
                    A         B        C        D         E        F      G
               +---------+---------+-------+---------+---------+-------+---------
         Total |    6518 |   27246 |  19.3 |      12 |     366 |   3.2 | 21993
               +---------+---------+-------+---------+---------+-------+---------
           D:1 |       0 |      57 |   0.0 |       0 |      30 |   0.0 |  1970
           D:2 |       0 |     105 |   0.0 |       0 |      23 |   0.0 |   996
           D:3 |       0 |     218 |   0.0 |       0 |      36 |   0.0 |  1371
           D:4 |       0 |     310 |   0.0 |       0 |      19 |   0.0 |  1344
           D:5 |       0 |     879 |   0.0 |       0 |      29 |   0.0 |  2669
           D:6 |       0 |    1443 |   0.0 |       0 |      25 |   0.0 |  1828
           D:7 |       0 |    1990 |   0.0 |       0 |      26 |   0.0 |  1069
           D:8 |       0 |    1527 |   0.0 |       0 |      15 |   0.0 |   994
           D:9 |       0 |    2705 |   0.0 |       0 |      23 |   0.0 |  1806
          D:10 |       0 |    3033 |   0.0 |       0 |      35 |   0.0 |  1408
          D:11 |       0 |    2352 |   0.0 |       0 |      19 |   0.0 |   971
          D:12 |       0 |    3643 |   0.0 |       0 |      32 |   0.0 |  1457
         Orc:1 |       0 |    8663 |   0.0 |       0 |      32 |   0.0 |  1697
       Abyss:2 |    6518 |       0 | 100.0 |      12 |       0 | 100.0 |  1956
       Ossuary |       0 |     321 |   0.0 |       0 |      22 |   0.0 |   252
               +---------+---------+-------+---------+---------+-------+---------
